 Dungeon Crawl Stone Soup version 0.19.3-4-gbf9329e (webtiles) character file.

2095 bmegli the Cutter (level 9, -1/68 HPs)
             Began as a Demonspawn Abyssal Knight on Jan 26, 2017.
             Was a Follower of Hepliaklqana.
             Slain by an ancient zyme (6 damage)
             ... created by the touch of Lugonu
             ... on level 6 of the Dungeon.
             The game lasted 00:31:54 (4766 turns).

bmegli the Cutter (Demonspawn Abyssal Knight)       Turns: 4766, Time: 00:31:55

Health: -1/68      AC:  9    Str: 27      XL:     9   Next: 7%
Magic:  10/10      EV: 13    Int: 16 (17) God:    Hepliaklqana [*.....]
Gold:   264        SH:  0    Dex: 12      Spells: 0 memorised, 8 levels left

rFire  . . .     SeeInvis +     g - +5 short sword of Xuitot {pierce, Str+8}
rCold  x . .     Gourm    .     n - +1 leather armour "Irchafyott" {rF- Str+3 Int+3}
rNeg   . . .     Faith    .     (no shield)
rPois  .         Spirit   .     e - +0 helmet
rElec  .         Reflect  .     (no cloak)
rCorr  .         Harm     .     O - +0 pair of gloves
MR     .....     Rnd*Tele +     (no boots)
Stlth  +.........               (no amulet)
                                (no ring)
                                k - ring of fire

@: about to teleport, contaminated, non-regenerating, diseased, glowing
A: reduced essence, thin metallic scales 1, see invisible, regeneration 1,
robust 1, spiny 1, teleportitis 1, subdued magic 2
a: Recall Ancestor, Ancestor Identity, Renounce Religion


You were on level 6 of the Dungeon.
You worshipped Hepliaklqana.
Hepliaklqana was aware of your devotion.
You were not hungry.

You visited 2 branches of the dungeon, and saw 8 of its levels.
You visited the Abyss 2 times.
You also visited: Ossuary.

You collected 303 gold pieces.
You spent 39 gold pieces at shops.

Inventory:

Hand Weapons
 a - a +1 hand axe
 g - the +5 short sword of Xuitot (weapon) {pierce, Str+8}
   (You found it on level 2 of the Abyss)

   It inflicts extra damage upon your enemies.
   It affects your strength (+8).
 p - a cursed -2 dagger
 v - a +1 hunting sling of freezing
 R - a +0 rapier of venom
Missiles
 s - 4 exploding tomahawks (quivered)
 w - 39 sling bullets
 y - 2 throwing nets
Armour
 b - a +0 leather armour
 e - a +0 helmet (worn)
 h - a +0 ring mail
 j - a +2 leather armour of magic resistance
 n - the +1 leather armour "Irchafyott" (worn) {rF- Str+3 Int+3}
   (You found it on level 5 of the Dungeon)

   It affects your strength (+3).
   It affects your intelligence (+3).
   It makes you vulnerable to fire.
 M - a +2 leather armour of fire resistance
 O - a +0 pair of gloves (worn)
Jewellery
 d - an uncursed amulet of harm
 k - a ring of fire (left hand)
Wands
 i - a wand of digging (16/24)
 N - a wand of slowing (21/48)
 Q - a wand of slowing (17/48)
Scrolls
 f - 2 scrolls of immolation
 l - a scroll of remove curse
 m - 2 scrolls of fear
 q - a scroll of blinking {unknown}
 t - 2 scrolls of enchant armour {unknown}
 u - 4 scrolls of identify
 D - 4 scrolls of random uselessness {unknown}
 F - a scroll of enchant weapon {unknown}
 G - a scroll of amnesia {unknown}
 H - 4 scrolls of noise
 I - 3 scrolls of teleportation
 P - a scroll of magic mapping
 S - a scroll of recharging {unknown}
Potions
 o - 3 potions of cure mutation
 x - 2 potions of might {unknown}
 z - 3 potions of brilliance
 A - 6 potions of degeneration
 B - a potion of mutation {unknown}
 C - a potion of ambrosia {unknown}
 E - 2 potions of flight
 J - 2 potions of berserk rage {unknown}
 K - a potion of lignification {unknown}
Comestibles
 c - 9 bread rations
 r - 2 meat rations
 L - a royal jelly


   Skills:
 + Level 5.1 Fighting
 + Level 7.8 Short Blades
 + Level 2.0 Axes
 + Level 4.6 Armour
 + Level 3.7 Dodging
 + Level 2.2 Stealth
 + Level 2.6 Invocations


You had 8 spell levels left.
You didn't know any spells.

Dungeon Overview and Level Annotations

Branches:
Dungeon (7/15)             Temple (1/1) D:4

Altars:
Ashenzari
Dithmenos
Fedhas
Gozag
Hepliaklqana
Kikubaaqudgha
Nemelex Xobeh
Okawaru
Qazlal
Ru
Trog
Uskayaw
Vehumet
Xom
Yredelemnul
The Shining One

Shops:
D:4 ?(((


Innate Abilities, Weirdness & Mutations

You are partially covered in thin metallic scales. (AC +2)
You are partially covered in sharp spines.
Your life essence is reduced. (-10% HP)
You have supernaturally acute eyesight. (SInv)
Your natural rate of healing is unusually fast.
You are robust. (+10% HP)
You are occasionally teleported next to monsters.
Your spells are easier to cast, but less powerful.


Message History

Si-Tayit emerges from the mists of memory!
The ancient zyme closely misses you.
The ancient zyme hits you but does no damage.
The ancient zyme hits you.
* * * LOW HITPOINT WARNING * * *
The ancient zyme hits you.
* * * LOW HITPOINT WARNING * * *
Press: ? - help, v - describe, . - travel
Here: a thrashing horror (durably summoned)
The floor, spattered with blood.
As you read the scroll of teleportation, it crumbles to dust.
You feel strangely unstable.
The thrashing horror is struck by your spines.
The thrashing horror tramples you but does no damage. x2
The thrashing horror tramples you!
* * * LOW HITPOINT WARNING * * *
You hold your ground!
The thrashing horror tramples you but does no damage.
Si-Tayit hits the thrashing horror.
The ancient zyme hits you.
You die...

..# #.#.##.# #.#..
#.# #....#.# #.#.#
#.# ############.#.#
#.#.# #.#
.........[.....#
#.#.# #.#
#............# #.#.#
#.# +............#
#.#.# #.#
#........)...# #.#.#
..#
#.RX.<.......####.#..
#...@......#>.....###
#..(Xx.....#.####....
#....................
###.#..)#.##....#.###
#.#.#..............
#.#.#.#.###########
#.#.#.#............
..#.#x#.##########.
###.#.############.


You could see the friendly Si-Tayit the ancestor, an ancient zyme, a thrashing
horror and a large abomination.

Vanquished Creatures
  A thrashing horror (D:6)
  The ghost of Azzok the Chopper, a novice MiBe of Trog (D:4)
  Eustachio (D:6)
  A water moccasin (D:5)
  2 small abominations (D:5)
  3 ogres
  2 phantoms (D:4)
  A sky beast (D:5)
  A bullfrog (D:6)
  A scorpion (D:4)
  2 howler monkeys (D:5)
  A centaur zombie (Ossuary)
  A jelly (D:6)
  4 orc priests
  3 iguanas
  Jessica (D:3)
  Terence (D:2)
  2 orc wizards
  4 worker ants
  4 mummies (Ossuary)
  9 adders
  A shadow imp (D:6)
  3 leopard geckos
  16 orcs
  3 ball pythons
  5 giant cockroaches
  7 goblins
  4 hobgoblins
  6 kobolds
  A quokka (D:2)
  8 bats
  5 frilled lizards
  2 hobgoblin zombies (Ossuary)
  A kobold zombie (Ossuary)
  4 orc zombies (Ossuary)
  8 rats
120 creatures vanquished.

Vanquished Creatures (collateral kills)
  A centaur (D:6)
  An orc priest (D:5)
  An iguana (D:5)
  A howler monkey skeleton (D:5)
  An orc (D:5)
5 creatures vanquished.

Vanquished Creatures (others)
  An ancestor (D:6)
1 creature vanquished.

Grand Total: 126 creatures vanquished

Notes
Turn   | Place    | Note
-------+----------+-------------------------------------------
     0 | Abyss:1  | bmegli the Demonspawn Abyssal Knight began the quest for the Orb.
     0 | Abyss:1  | Reached XP level 1. HP: 18/18 MP: 2/2
    84 | Abyss:1  | Noticed an orange demon
   114 | Abyss:2  | Got a jewelled short sword
   115 | Abyss:2  | Identified the +5 short sword of Xuitot {pierce, Str+8} (You found it on level 2 of the Abyss)
   219 | Abyss:4  | Found a stormy altar of Qazlal.
   224 | Abyss:4  | Noticed a thrashing horror
   228 | D:1      | Escaped the Abyss
   366 | D:1      | Reached skill level 1 in Dodging
   366 | D:1      | Gained mutation: You are partially covered in thin metallic scales. (AC +2) [demonic ancestry]
   366 | D:1      | Reached XP level 2. HP: 24/24 MP: 3/3
   600 | D:1      | Reached * piety under Lugonu
   794 | D:2      | Reached XP level 3. HP: 27/29 MP: 4/4
   907 | D:2      | Noticed Terence
   914 | D:2      | Killed Terence
   914 | D:2      | Reached skill level 1 in Short Blades
   914 | D:2      | Reached XP level 4. HP: 28/37 MP: 5/5
  1278 | D:3      | Found a blossoming altar of Fedhas.
  1281 | D:3      | Noticed Jessica
  1290 | D:3      | Killed Jessica
  1432 | D:3      | Reached ** piety under Lugonu
  1440 | D:4      | Found a sand-covered staircase.
  1459 | Ossuary  | Entered an ossuary
  1484 | Ossuary  | Reached XP level 5. HP: 42/42 MP: 6/6
  1491 | Ossuary  | Reached skill level 2 in Short Blades
  2025 | D:4      | Found Anat's Antique Weapon Shop.
  2035 | D:4      | Found a staircase to the Ecumenical Temple.
  2053 | Temple   | Entered the Ecumenical Temple
  2135 | D:4      | Reached skill level 3 in Short Blades
  2135 | D:4      | Reached XP level 6. HP: 48/48 MP: 7/7
  2235 | D:4      | Noticed Azzok's ghost (novice MiBe)
  2261 | D:4      | Killed Azzok's ghost
  2261 | D:4      | Reached skill level 4 in Short Blades
  2261 | D:4      | Gained mutation: You are partially covered in sharp spines. [demonic ancestry]
  2261 | D:4      | Reached XP level 7. HP: 23/55 MP: 8/8
  2457 | D:4      | Found Sejos's Antique Weapon Shop.
  2545 | D:4      | Found a shadowy altar of Dithmenos.
  2561 | D:4      | Reached skill level 5 in Short Blades
  2561 | D:4      | Reached skill level 1 in Stealth
  2585 | D:4      | Found Xotouf's Magic Scroll Shoppe.
  2590 | D:4      | Bought a scroll of teleportation for 39 gold pieces
  2821 | D:4      | Found Pesa's Weapon Shop.
  2890 | D:4      | Reached XP level 8. HP: 15/61 MP: 9/9
  3234 | D:4      | Found a hazy altar of Hepliaklqana.
  3239 | D:4      | Fell from the grace of Lugonu
  3239 | D:4      | Became a worshipper of Hepliaklqana the Forgotten
  3312 | D:5      | Entered Level 5 of the Dungeon
  3542 | D:5      | Reached skill level 6 in Short Blades
  3549 | D:5      | Got a twisted leather armour
  3560 | D:5      | Identified the +1 leather armour "Irchafyott" {rF- Str+3 Int+3} (You found it on level 5 of the Dungeon)
  3605 | D:5      | Upgraded the game from 0.19.3-1-g3169bf9 to 0.19.3-4-gbf9329e
  3689 | D:5      | Gained mutation: You are robust. (+10% HP) [mutagenic meat]
  3690 | D:5      | Gained mutation: Your spells are a little easier to cast, but a little less powerful. [mutagenic meat]
  3691 | D:5      | Gained mutation: Your spells are easier to cast, but less powerful. [mutagenic meat]
  3692 | D:5      | Gained mutation: Your natural rate of healing is unusually fast. [mutagenic meat]
  3693 | D:5      | Gained mutation: You have supernaturally acute eyesight. (SInv) [mutagenic meat]
  4113 | D:5      | Reached skill level 7 in Short Blades
  4333 | D:6      | Reached skill level 5 in Fighting
  4461 | D:6      | Noticed Eustachio
  4470 | D:6      | Killed Eustachio
  4470 | D:6      | Reached XP level 9. HP: 48/68 MP: 10/10
  4627 | D:6      | Reached * piety under Hepliaklqana
  4705 | D:6      | Noticed an ancient zyme
  4705 | D:6      | Noticed a thrashing horror
  4717 | D:6      | Gained mutation: You are occasionally teleported next to monsters. [mutagenic glow]
  4719 | D:6      | Killed a thrashing horror
  4725 | D:6      | Noticed a large abomination
  4725 | D:6      | Noticed a thrashing horror
  4725 | D:6      | Cast into level 2 of the Abyss (Lugonu's touch)
  4765 | D:6      | Escaped the Abyss
  4766 | D:6      | Slain by an ancient zyme

Skill      XL: |  1  2  3  4  5  6  7  8 |
---------------+-------------------------+-----
Dodging        | 1 2 3 |  3.7
Armour         | 2 3 4 |  4.6
Axes           | 2 |  2.0
Short Blades   | 1 3 4 5 7 |  7.8
Fighting       | 4 5 |  5.1
Stealth        | 1 2 |  2.2
Invocations    | |  2.6

Action                   |  1- 3 |  4- 6 |  7- 9 || total
-------------------------+-------+-------+-------++-------
Melee: Short sword       |    77 |   109 |   161 ||   347
Invok: Depart the Abyss  |     1 |       |       ||     1
       Ancestor Identity |       |       |     2 ||     2
  Use: Scroll            |     3 |     3 |     3 ||     9
       Potion            |       |     3 |     6 ||     9
 Stab: Sleeping          |       |       |     2 ||     2
  Eat: Chunk             |       |     2 |    14 ||    16
       Beef jerky        |       |     1 |       ||     1
Armor: Leather armour    |    54 |    24 |    38 ||   116
Dodge: Dodged            |    60 |    46 |    61 ||   167
